 Dungeon Crawl Stone Soup version 0.20-a0-286-gae82e34 (webtiles) character file.

1017 Junicave the Digger (level 8, 0/41 HPs)
             Began as a Gargoyle Earth Elementalist on Dec 14, 2016.
             Slain by a vampire mosquito (7 damage)
             ... on level 4 of the Dungeon.
             The game lasted 00:33:10 (12743 turns).

Junicave the Digger (Gargoyle Earth Elementalist)  Turns: 12743, Time: 00:33:11

Health: 0/41       AC: 11    Str: 11    XL:     8   Next: 22%
Magic:  17/17      EV: 11    Int: 19    God:
Gold:   234        SH:  0    Dex: 10    Spells: 10/19 levels left

rFire  . . .     SeeInvis .     x - +0 flail
rCold  . . .     Gourm    .     D - +0 troll leather armour {Purgy}
rNeg   + . .     Faith    .     (no shield)
rPois  ∞         Spirit   .     B - +0 helmet
rElec  +         Reflect  .     (no cloak)
rCorr  .         Harm     .     y - +0 pair of gloves
MR     .....     Rnd*Tele +     (no boots)
Stlth  ++........               (no amulet)
                                (no ring)
                                i - ring of teleportation (curse)

@: starving
A: negative energy resistance 1, electricity resistance, unbreathing,
petrification resistance, rot immunity, AC +5
a: no special abilities


You were on level 4 of the Dungeon.
You were starving.

You visited 1 branch of the dungeon, and saw 4 of its levels.

You collected 234 gold pieces.

Inventory:

Hand Weapons
 g - a +0 short sword
 l - a +0 mace
 t - a +0 mace
 w - a +0 fustibalus
 x - a +0 flail (weapon)
 C - a +1 dagger of venom
Missiles
 b - 185 stones (quivered)
Armour
 c - a +0 robe
 p - a +0 hat
 y - a +0 pair of gloves (worn)
 B - a +0 helmet (worn)
 D - a +0 troll leather armour (worn) {Purgy}
Jewellery
 i - a cursed ring of teleportation (left hand)
Wands
 r - a wand of acid (8/15)
Scrolls
 d - a scroll of magic mapping {unknown}
 f - a scroll of fear {unknown}
 h - 2 scrolls of teleportation {unknown}
 k - 3 scrolls of remove curse {unknown}
 n - 2 scrolls of recharging {unknown}
 q - a scroll of identify {unknown}
 A - a scroll of enchant weapon {unknown}
Potions
 a - a potion of agility {unknown}
 j - 2 potions of cancellation
 m - a potion of heal wounds {unknown}
 s - 2 potions of ambrosia {unknown}
 v - a potion of might {unknown}
Books
 e - a book of Geomancy

   Spells                             Type                      Level
   a - Sandblast                      Earth                        1
   b - Passwall                       Transmutation/Earth          2
   c - Stone Arrow                    Conjuration/Earth            3
   d - Petrify                        Transmutation/Earth          4
   e - Lee's Rapid Deconstruction     Earth                        5
Comestibles
 o - 3 meat rations
 u - a bread ration


   Skills:
 + Level 0.2 Fighting
 + Level 0.0 Maces & Flails
 + Level 0.4 Armour
 + Level 1.7 Dodging
 - Level 2.1 Stealth
 * Level 6.4 Spellcasting
 + Level 4.3 Conjurations
   Level 0.7 Transmutations
 + Level 6.5 Earth Magic
 + Level 0.1 Evocations


You had 10 spell levels left.
You knew the following spells:

 Your Spells              Type           Power        Failure   Level  Hunger
a - Sandblast             Erth           ####..       1%          1    None
b - Stone Arrow           Conj/Erth      ####..       4%          3    ##.....
c - Lee's Rapid Deconstr  Erth           ####......   28%         5    #####..


Dungeon Overview and Level Annotations

Branches:
Dungeon (4/15)
 Temple: D:4-7

Altars:
Cheibriados


Innate Abilities, Weirdness & Mutations

You are resistant to torment.
Your stone body is resilient. (AC +5)
You are immune to poison.
You resist negative energy. (rN+)
You are resistant to electric shocks. (rElec)
You can survive without breathing.
You are immune to petrification.
You are immune to rotting.


Message History

The vampire mosquito bites you.
* * * LOW HITPOINT WARNING * * *
The vampire mosquito closely misses you.
The vampire mosquito barely misses you.
The vampire mosquito bites you but does no damage.
It was a potion of cancellation.
You feel magically purged.
The vampire mosquito bites you but does no damage.
The vampire mosquito bites you. The vampire mosquito bites you.
* * * LOW HITPOINT WARNING * * *
The vampire mosquito bites you but does no damage.
The vampire mosquito bites you.
* * * LOW HITPOINT WARNING * * *
The vampire mosquito completely misses you.
The vampire mosquito bites you.
* * * LOW HITPOINT WARNING * * *
An orc and an orc wizard come into view.
An orc wizard comes into view. It is wielding a vampiric dagger.
The vampire mosquito bites you!
You die...

#.# #.# #...............##
#.# #.# #.#.##########...##
#.# #.# #.### ##.#.#.##
#.####.####.# #........
#...........# ##.#.#.##
######.###### #....##
#.......# ##.#.##
#.......######## ###....##
#.......#..@yyy# #.......#
#.....oo..####.###...#...#
#.........# #.....)###..###
#....o....# ######y..#......
#.........###............###
#######..................#
####...###..##........#
#......# #..##.##.#####
#)##..####..##.##.#


You could see 3 vampire mosquitoes, 2 orc wizards and an orc (wandering).

Vanquished Creatures
  The ghost of Mychaelh the Charmwright, an amateur HuSk (D:4)
  Purgy (D:4)
  2 ogres (D:4)
  The ghost of Junicave the Digger, an amateur GrEE (D:3)
  A howler monkey (D:4)
  A crimson imp (D:4)
  An orc priest (D:4)
  A hound (D:3)
  An orc wizard (D:4)
  6 worker ants (D:4)
  A hound skeleton (D:4)
  Robin (D:4)
  5 adders
  2 worms (D:2)
  A dart slug (D:1)
  3 leopard geckos (D:2)
  13 orcs
  7 bats
  6 giant cockroaches
  20 goblins
  11 hobgoblins
  6 jackals
  5 kobolds
  4 quokkas
  2 ball pythons
  A frilled lizard (D:4)
  A leopard gecko zombie (D:4)
  A quokka skeleton (D:4)
  9 rats
115 creatures vanquished.

Notes
Turn   | Place    | Note
-------+----------+-------------------------------------------
     0 | D:1      | Junicave the Gargoyle Earth Elementalist began the quest for the Orb.
     0 | D:1      | Reached XP level 1. HP: 10/10 MP: 3/3
   435 | D:1      | Reached XP level 2. HP: 10/15 MP: 0/5
  2719 | D:1      | Reached XP level 3. HP: 18/19 MP: 5/7
  3004 | D:2      | Learned a level 3 spell: Stone Arrow
  3879 | D:2      | Reached XP level 4. HP: 17/24 MP: 8/8
  5048 | D:2      | Reached skill level 1 in Conjurations
  6214 | D:3      | Noticed Junicave's ghost (amateur GrEE)
  6353 | D:3      | Found a snail-covered altar of Cheibriados.
  6928 | D:3      | Killed Junicave's ghost
  6928 | D:3      | Reached XP level 5. HP: 18/28 MP: 0/11
  7305 | D:3      | Found a snail-covered altar of Cheibriados.
  8045 | D:3      | Found a snail-covered altar of Cheibriados.
  8427 | D:3      | Reached XP level 6. HP: 32/32 MP: 8/12
  8571 | D:4      | Noticed Mychaelh's ghost (amateur HuSk)
  8592 | D:4      | Reached skill level 5 in Earth Magic
  8643 | D:4      | Killed Mychaelh's ghost
  8643 | D:4      | Reached skill level 5 in Spellcasting
  8643 | D:4      | Reached XP level 7. HP: 16/36 MP: 0/14
  8650 | D:4      | Learned a level 5 spell: Lee's Rapid Deconstruction
  8970 | D:4      | Noticed Robin
  9002 | D:4      | Killed Robin
  9192 | D:4      | Noticed Purgy
  9200 | D:4      | Killed Purgy
  9331 | D:4      | Reached XP level 8. HP: 24/41 MP: 3/17
 12743 | D:4      | Slain by a vampire mosquito

Vault maps used:
D:1:      dpeg_arrival_rhombus
D:3:      lemuel_tele_altar
D:4:      first_bread, st_stairs_12, uniq_robin, uniq_purgy

Skill      XL: |  1  2  3  4  5  6  7 |
---------------+----------------------+-----
Earth Magic    | 4 5 6 |  6.5
Spellcasting   | 3 4 5 6 |  6.4
Conjurations   | 2 3 4 |  4.3
Fighting       | |  0.2
Armour         | |  0.4
Dodging        | |  1.7
Stealth        | |  2.1
Transmutations | |  0.7
Evocations     | |  0.1

Action                   |  1- 3 |  4- 6 |  7- 9 || total
-------------------------+-------+-------+-------++-------
Melee: Mace              |    85 |    39 |       ||   124
       Unarmed           |     2 |       |       ||     2
       Flail             |       |     3 |    43 ||    46
 Cast: Sandblast         |    55 |    74 |   113 ||   242
       Stone Arrow       |       |     6 |     4 ||    10
  Use: Potion            |       |       |     1 ||     1
 Stab: Sleeping          |     2 |     2 |     1 ||     5
  Eat: Chunk             |     5 |     8 |    11 ||    24
       Bread ration      |     1 |       |       ||     1
       Meat ration       |       |     1 |       ||     1
       Pizza             |       |     1 |       ||     1
Armor: Robe              |    47 |    39 |    26 ||   112
       Troll leather arm |       |       |    45 ||    45
Dodge: Dodged            |    89 |    57 |    89 ||   235
